 Dungeon Crawl Stone Soup version 0.21-a0-404-g291f19a (webtiles) character file.

30 corax the Skirmisher (level 3, -1/29 HPs)
             Began as a Mummy Fighter on Oct 28, 2017.
             Slain by a worm (6 damage)
             ... on level 2 of the Dungeon.
             The game lasted 00:04:10 (780 turns).

corax the Skirmisher (Mummy Fighter)                 Turns: 780, Time: 00:04:10

Health: -1/29      AC:  6    Str: 19    XL:     3   Next: 3%
Magic:  3/3        EV:  9    Int:  7    God:
Gold:   12         SH:  0    Dex: 12    Spells: 2/2 levels left

rFire    x . .     SeeInvis .   a - +0 long sword
rCold    + . .     Gourm    .   (no shield)
rNeg     + + +     Faith    .   b - +0 scale mail
rPois    ∞         Spirit   .   (no helmet)
rElec    .         Reflect  .   (no cloak)
rCorr    .         Harm     .   (no gloves)
MR       .....                  (no boots)
Stlth    ..........             (no amulet)
HPRegen  0.09/turn              c - ring of wizardry
MPRegen  0.08/turn              (no ring)

@: no status effects
A: no food or potions, fire vulnerability, cold resistance 1, negative energy
resistance 3, torment resistance, unbreathing
a: no special abilities


You were on level 2 of the Dungeon.
You were not hungry.

You visited 1 branch of the dungeon, and saw 3 of its levels.

You collected 12 gold pieces.

Inventory:

Hand Weapons
 a - a +0 long sword (weapon)
Missiles
 f - 7 tomahawks (quivered)
Armour
 b - a +0 scale mail (worn)
Jewellery
 c - a ring of wizardry (left hand)
Scrolls
 d - a scroll of remove curse {unknown}
 e - a scroll of fog {unknown}
 g - a scroll of identify {unknown}
 h - a scroll of noise {unknown}
 i - a scroll of amnesia {unknown}


   Skills:
 + Level 3.3 Fighting
 + Level 1.9 Long Blades
 + Level 0.2 Throwing
 + Level 2.6 Armour
 + Level 0.6 Dodging
 + Level 0.7 Stealth
   Level 2.4 Shields


You had 2 spell levels left.
You didn't know any spells.

Dungeon Overview and Level Annotations

Branches:
Dungeon (3/15)

Altars:
Zin


Innate Abilities, Weirdness & Mutations

You do not eat or drink.
Your flesh is vulnerable to fire.
You are immune to poison.
Your flesh is cold resistant. (rC+)
You are immune to negative energy. (rN+++)
You are immune to unholy pain and torment.
You can survive without breathing.


Message History

The worm is severely wounded.
The worm bites you!
You are too injured to fight recklessly!
You are too injured to fight recklessly!
You are too injured to fight recklessly!
You are too injured to fight recklessly!
You are too injured to fight recklessly!
You hit the worm but do no damage.
The worm is heavily wounded.
You hit the worm but do no damage.
The worm is heavily wounded.
The worm bites you but does no damage.
You barely miss the worm.
The worm is heavily wounded.
The worm bites you!
* * * LOW HITPOINT WARNING * * *
You hit the worm.
The worm is heavily wounded.
The worm bites you.
You die...

##. #.# #.. #.# ..
#.# .. #.# ##. ##.
#.# #...#..#####.###
.......#.......#
#w@.......#
#.#.###.#.# #
#....<#.#.######## #
...#.#............#
#
###.#.##....######.#
# #.#.#.....# # #.#
#.........# # #.#
#######.### ### #.#
#.#


You could see a worm.

Vanquished Creatures
  A leopard gecko (D:1)
  A ball python (D:1)
  5 giant cockroaches (D:1)
  2 hobgoblins (D:1)
  3 jackals (D:1)
  3 bats (D:1)
  A frilled lizard (D:1)
  2 goblins (D:1)
  4 kobolds (D:1)
  5 rats (D:1)
27 creatures vanquished.

Notes
Turn   | Place    | Note
-------+----------+-------------------------------------------
     0 | D:1      | corax the Mummy Fighter began the quest for the Orb.
     0 | D:1      | Reached XP level 1. HP: 18/18 MP: 1/1
    90 | D:1      | Reached XP level 2. HP: 7/24 MP: 2/2
   585 | D:1      | Reached XP level 3. HP: 29/29 MP: 3/3
   715 | D:2      | Found a glowing silver altar of Zin.
   780 | D:2      | Slain by a worm

Vault maps used:
D:1:      lightli_arrival_flooded_house
D:2:      lemuel_round_altar, lemuel_coloured_pillars_altar, vehumet_crystals,
          minmay_cut_off

Action                   || total
-------------------------++-------
Melee: Long sword        ||    86
Armor: Scale mail        ||    80
Dodge: Dodged            ||    57
       Rpst.: Long sword ||    16

Table legend:
 A = Spawn XP
 B = Non-spawn XP
 C = Spawn XP percentage of total XP
 D = Spawn monster count
 E = Non-spawn monster count
 F = Spawn count percentage of total count
 G = Total turns spent on level
                    A         B        C        D         E        F      G
               +---------+---------+-------+---------+---------+-------+---------
         Total |       0 |      43 |   0.0 |       0 |      27 |   0.0 |   780
               +---------+---------+-------+---------+---------+-------+---------
           D:1 |       0 |      43 |   0.0 |       0 |      27 |   0.0 |   658
               +---------+---------+-------+---------+---------+-------+---------
